 Dungeon Crawl Stone Soup version 0.18-a0-750-g37044d6 (webtiles) character file.

771 homeworkjunkie the Skirmisher (level 7, -5/62 HPs)
             Began as a Hill Orc Fighter on Dec 12, 2015.
             Was an Initiate of Okawaru.
             Killed by divine providence
             ... invoked by an orc priest
              (13 damage)
             ... on level 4 of the Dungeon.
             The game lasted 00:08:25 (3425 turns).

homeworkjunkie the Skirmisher (Hill Orc Fighter)    Turns: 3425, Time: 00:08:25

Health: -5/62      AC:  7    Str: 21    XL:     7   Next: 83%
Magic:  7/7        EV:  8    Int:  8    God:    Okawaru [......]
Gold:   151        SH: 10    Dex: 10    Spells: 0 memorised, 6 levels left

rFire  . . .     SeeInvis .     a - +2 war axe
rCold  . . .     Clarity  .     b - +0 scale mail
rNeg   + . .     SustAt   .     c - +0 shield
rPois  .         Gourm    .     (no helmet)
rElec  .         Spirit   .     (no cloak)
rCorr  .         Dismiss  .     (no gloves)
rMut   .         Stasis   .     (no boots)
MR     .....                    (no amulet)
Stlth  ..........               (no ring)
                                g - ring of positive energy

@: lethally poisoned (-5 -> -18), very slightly contaminated, not resistant to
hostile enchantments, extremely unstealthy
A: no striking features
a: Renounce Religion, Convert to Beogh


You were on level 4 of the Dungeon.
You worshipped Okawaru.
Okawaru was noncommittal.
You were not hungry.

You visited 1 branch of the dungeon, and saw 5 of its levels.

You collected 151 gold pieces.

Inventory:

Hand Weapons
 a - a +2 war axe (weapon)
Armour
 b - a +0 scale mail (worn)
 c - a +0 shield (worn)
Jewellery
 g - a ring of positive energy (left hand)
Wands
 h - a wand of frost (30)
 j - a wand of slowing (11)
Scrolls
 i - a scroll of immolation
 k - 2 scrolls of remove curse
 l - a scroll of identify
Potions
 d - a potion of flight
 f - 3 potions of magic
Comestibles
 e - 2 bread rations


   Skills:
 * Level 5.9 Fighting
 * Level 5.9 Axes
 * Level 5.5 Armour
 + Level 1.4 Dodging
 * Level 5.6 Shields


You had 6 spell levels left.
You didn't know any spells.

Dungeon Overview and Level Annotations

Branches:
Dungeon (5/15)
 Temple: D:4-7

Altars:
Makhleb
Okawaru
Xom

Annotations:
D:4 Dowan, Duvessa


Message History

You struggle to resist.
Drink which item? (? for menu, Esc to quit)
Okay, then.
The orc barely misses you. The orc priest closely misses you.
You block Duvessa's attack.
Things that are here:
a dagger; a robe You barely miss Duvessa.
Duvessa is moderately wounded.
You slash the orc priest!
The orc priest shouts, "Surrender to Beogh and we'll let you live!"
The orc priest is severely wounded.
You feel sick.
Duvessa hits you with a short sword of venom.
* * * LOW HITPOINT WARNING * * *
You are lethally poisoned!
The orc hits you but does no damage.
The orc priest calls down the wrath of Beogh upon you.
Something smites you!
You die...

#.# #.# #.# #o#
#.# #.# #.##
#.#>########..#
#....ee@ooooo.#
##..w########.#
#.... .# $...
.# #.( .# ## .#
.#


You could see Duvessa, Dowan, a worm, an orc priest and 4 orcs.

Vanquished Creatures
  Edmund (D:4)
  An ogre (D:4)
  The ghost of Mashchax the Poker, an amateur MfGl (D:3)
  2 crimson imps
  A centaur skeleton (D:4)
  5 orc wizards (D:4)
  Terence (D:2)
  3 worker ants (D:4)
  An iguana (D:4)
  A hound skeleton (D:4)
  4 adders
  2 worms
  A giant gecko (D:1)
  6 orcs (D:4)
  4 giant cockroaches
  7 goblins
  8 hobgoblins
  8 kobolds
  2 quokkas
  2 ball pythons
  A ball python zombie (D:2)
  8 bats
  2 giant gecko zombies (D:2)
  2 giant newts (D:1)
  2 jackals (D:3)
  8 rats
84 creatures vanquished.

Vanquished Creatures (others)
  An orc wizard (D:4)
  A plant (D:3)
2 creatures vanquished.

Grand Total: 86 creatures vanquished

Notes
Turn   | Place    | Note
--------------------------------------------------------------
     0 | D:1      | homeworkjunkie the Hill Orc Fighter began the quest for the Orb.
     0 | D:1      | Reached XP level 1. HP: 19/19 MP: 1/1
   209 | D:2      | Reached XP level 2. HP: 22/27 MP: 2/2
   239 | D:3      | Found a burning altar of Makhleb.
   239 | D:3      | Found a shimmering altar of Xom.
   254 | D:3      | Reached skill level 4 in Armour
   254 | D:3      | Reached XP level 3. HP: 11/33 MP: 3/3
   448 | D:4      | Reached XP level 4. HP: 35/40 MP: 4/4
   496 | D:4      | Reached XP level 5. HP: 37/47 MP: 5/5
   534 | D:4      | Noticed an ogre
   538 | D:4      | Killed an ogre
   538 | D:4      | Reached skill level 5 in Fighting
   538 | D:4      | Reached XP level 6. HP: 25/56 MP: 6/6
   809 | D:5      | Entered Level 5 of the Dungeon
   902 | D:3      | Noticed Mashchax's ghost (amateur MfGl)
   930 | D:4      | Noticed Edmund
   935 | D:4      | Killed Edmund
   935 | D:4      | Reached skill level 5 in Armour
   935 | D:4      | Reached skill level 1 in Dodging
   935 | D:4      | Reached skill level 5 in Shields
   935 | D:4      | Reached XP level 7. HP: 55/61 MP: 7/7
   994 | D:4      | Reached skill level 5 in Axes
  1220 | D:4      | Got a dazzling leather armour
  1231 | D:4      | Identified the cursed +0 leather armour of Oblivion {Int+3 Dex+3} (You found it on level 4 of the Dungeon)
  2360 | D:2      | Noticed Terence
  2372 | D:2      | Killed Terence
  2941 | D:3      | Found an iron altar of Okawaru.
  3059 | D:3      | Became a worshipper of Warmaster Okawaru
  3073 | D:3      | Killed Mashchax's ghost
  3416 | D:4      | Noticed Dowan
  3417 | D:4      | Noticed Duvessa
  3425 | D:4      | Killed from afar by an orc priest

Vault maps used:
D:1:      dpeg_arrival_arbitrary_b
D:2:      serial_undead, serial_undead_c, serial_undead_f, serial_undead_e,
          serial_undead_a, serial_undead_b, serial_undead_d, serial_undead_f,
          uniq_terence
D:3:      grunt_temple_overflow_champion_of_chaos, okawaru_metal_pillars_1_2,
          serial_glass, glass_columns_a, glass_columns_a, saegor_snake_ambush
D:4:      gammafunk_temple_overflow_pools, minmay_temple_entry_poolview,
          uniq_edmund, uniq_duvessa
D:5:      overflow_temple_1_default, overflow_temple_1_default, first_bread,
          uniq_eustachio, uniq_sigmund

Action                   |  1- 3 |  4- 6 |  7- 9 || total
-------------------------+-------+-------+-------++-------
Melee: War axe           |    45 |    60 |   184 ||   289
Evoke: Wand              |       |       |     8 ||     8
  Use: Potion            |     1 |     2 |     2 ||     5
       Scroll            |       |     2 |    13 ||    15
  Eat: Meat ration       |       |       |     1 ||     1
       Bread ration      |       |       |     1 ||     1
       Chunk             |       |       |     1 ||     1
